Match 34634959
Unlisted

Match 34634959
End
Construct Section Command Post
Infantry Section
Dingo Light Scout Car
Infantry Section
Vickers Machine Gun Team
Selects Indian Artillery Battlegroup
Selects Towed ML 4.2-inch Heavy Mortar
Towed ML 4.2-inch Heavy Mortar
Infantry Section
Construct Platoon Command Post
6-pounder Anti-tank Gun Team
Selects Valour
Selects Gurkha Rifles Section
Tango
Turtleboy
GoonLord
Chad Kensington
ryuklikesapples
Genius Malignus
0
0

Comments sign in to comment!

No comments posted yet!